 Dungeon Crawl Stone Soup version 0.20.0-8-g6b59dc7 (webtiles) character file.

124 Chiseanne the Vexing (level 4, -1/26 HPs)
             Began as a Deep Elf Arcane Marksman on June 2, 2017.
             Was a Follower of Uskayaw.
             Slain by an adder (3 damage)
             ... on level 3 of the Dungeon.
             The game lasted 00:06:16 (2733 turns).

Chiseanne the Vexing (Deep Elf Arcane Marksman)     Turns: 2733, Time: 00:06:16

Health: -1/26      AC:  7    Str:  7    XL:     4   Next: 81%
Magic:  7/9        EV: 11    Int: 18    God:    Uskayaw [*.....]
Gold:   152        SH:  0    Dex: 16    Spells: 4/8 levels left

rFire    . . .     SeeInvis .   n - -2 mace (curse)
rCold    + . .     Gourm    .   (no shield)
rNeg     . . .     Faith    .   t - +0 ring mail
rPois    .         Spirit   .   e - +1 helmet
rElec    .         Reflect  .   (no cloak)
rCorr    .         Harm     .   (no gloves)
MR       .....                  (no boots)
Stlth    +.........             (no amulet)
Regen    0.1/turn               l - ring of protection from cold
MPRegen  0.2/turn               (no ring)

@: lethally poisoned (-1 -> -7)
A: no striking features
a: Stomp, Renounce Religion


You were on level 3 of the Dungeon.
You worshipped Uskayaw.
Uskayaw was noncommittal.
You were not hungry.

You visited 1 branch of the dungeon, and saw 3 of its levels.

You collected 152 gold pieces.

Inventory:

Hand Weapons
 a - a +0 hand crossbow
 g - a +0 spear
 h - a +0 war axe
 n - a cursed -2 mace (weapon)
 u - a +0 mace
Missiles
 b - 84 stones (quivered)
 d - 42 bolts
 v - 23 sling bullets
 x - 18 poisoned needles
 y - 70 arrows
Armour
 e - a +1 helmet (worn)
 t - a +0 ring mail (worn)
Jewellery
 l - a ring of protection from cold (left hand)
 C - an uncursed ring of see invisible {unknown}
Wands
 z - a wand of acid (7/15)
Scrolls
 w - a scroll of immolation
Potions
 i - a potion of mutation {unknown}
 j - a potion of heal wounds {unknown}
 k - 2 potions of curing {unknown}
 m - 2 potions of resistance {unknown}
 p - a potion of brilliance {unknown}
 r - a potion of cancellation
Books
 c - a book of Debilitation

   Spells                             Type                      Level
   a - Corona                         Hexes                        1
   b - Slow                           Hexes                        2
   c - Inner Flame                    Hexes/Fire                   3
   d - Portal Projectile              Hexes/Translocation          3
   e - Cause Fear                     Hexes                        4
   f - Leda's Liquefaction            Hexes/Earth                  4
 A - a book of Fire

   Spells                             Type                      Level
   a - Ignite Poison                  Fire/Transmutation/Poison    3
   b - Fireball                       Conjuration/Fire             5
   c - Bolt of Fire                   Conjuration/Fire             6
   d - Ring of Flames                 Charms/Fire                  7
   e - Ignition                       Fire                         8
Comestibles
 f - 4 bread rations
 o - a royal jelly
 q - a meat ration
 s - 4 fruits
 B - 4 chunks of flesh


   Skills:
 * Level 1.7 Fighting
 - Level 2.8 Crossbows
 * Level 1.0 Armour
 * Level 3.7 Dodging
 - Level 2.5 Spellcasting
 - Level 4.0 Hexes


You had 4 spell levels left.
You knew the following spells:

 Your Spells              Type           Power        Failure   Level  Hunger
a - Corona                Hex            ###....      11%         1    #......
b - Slow                  Hex            ###.....     17%         2    ##.....
c - Apportation           Tloc           #.....       52%         1    #......


Dungeon Overview and Level Annotations

Branches:
Dungeon (3/15)

Altars:
Uskayaw

Annotations:
D:3 Sigmund


Message History

The adder bites you but does no damage.
You hit the adder but do no damage.
The adder is lightly wounded.
The adder closely misses you. The adder bites you.
You are lethally poisoned!
The adder poisons you!
Casting: Corona
Confirm with . or Enter, or press ? or * to list all spells.
Aiming: Corona
Press: ? - help, Shift-Dir - straight line, f/p - adder
Aim: an adder (lightly wounded, softly glowing, chance to defeat MR: 62%)
The adder glows brighter.
* * * LOW HITPOINT WARNING * * *
You feel sick. The adder bites you.
* * * LOW HITPOINT WARNING * * *
You hit the adder but do no damage.
The adder is lightly wounded.
* * * LOW HITPOINT WARNING * * *
You feel sick. The adder closely misses you. The adder bites you.
You die...

.......# #.# #.....[.#
######## ... #.#####.# #.#
#.# #.# #.# #.# #.# #.###.#
#.# #.#...# #.#
#.#.#######.#
...#######.#.#.......#
......S@.....#.#######
.............#.#
.............#.####
...............รท..#
............##.##.#
........<....%..........##.#
............##############.#
......................#.##.#
..................###......#


You could see an adder.

Vanquished Creatures
  A scorpion (D:3)
  4 adders
  A dart slug (D:1)
  A leopard gecko (D:2)
  A giant cockroach (D:1)
  3 goblins
  7 hobgoblins
  4 jackals (D:1)
  3 quokkas (D:2)
  2 ball pythons (D:1)
  2 bats
  2 frilled lizards
  A kobold (D:1)
  3 rats (D:1)
35 creatures vanquished.

Notes
Turn   | Place    | Note
-------+----------+-------------------------------------------
     0 | D:1      | Chiseanne the Deep Elf Arcane Marksman began the quest for the Orb.
     0 | D:1      | Reached XP level 1. HP: 11/11 MP: 5/5
   321 | D:1      | Reached skill level 1 in Fighting
   321 | D:1      | Reached XP level 2. HP: 15/16 MP: 4/6
  1302 | D:2      | Learned a level 1 spell: Apportation
  1506 | D:2      | Reached XP level 3. HP: 17/20 MP: 5/7
  1642 | D:2      | Learned a level 2 spell: Slow
  2227 | D:3      | Noticed Sigmund
  2336 | D:3      | Noticed a scorpion
  2348 | D:3      | Killed a scorpion
  2348 | D:3      | Reached skill level 1 in Armour
  2348 | D:3      | Reached XP level 4. HP: 19/26 MP: 6/9
  2629 | D:3      | Found a faded altar of an unknown god.
  2639 | D:3      | Became a worshipper of Uskayaw the Reveler
  2639 | D:3      | Reached * piety under Uskayaw
  2733 | D:3      | Slain by an adder

Skill      XL: |  1  2  3 |
---------------+----------+-----
Crossbows      | 2 |  2.8
Fighting       | 1 |  1.7
Dodging        | 3 |  3.7
Spellcasting   | 2 |  2.5
Armour         | 1 |  1.0
Hexes          | |  4.0

Action                   |  1- 3 |  4- 6 || total
-------------------------+-------+-------++-------
Melee: Mace              |       |    19 ||    19
 Fire: Hand crossbow     |    98 |     8 ||   106
 Cast: Corona            |    19 |     5 ||    24
       Slow              |     3 |       ||     3
  Use: Scroll            |     7 |       ||     7
  Eat: Chunk             |     5 |     1 ||     6
Armor: Ring mail         |    26 |     9 ||    35
       Robe              |     6 |       ||     6
Dodge: Dodged            |    34 |    25 ||    59
